 Dungeon Crawl Stone Soup version 0.23.2-40-g277498a (webtiles) character file.

Game seed: 12160312536992628226

155 Kurtz the Chopper (level 5, -18/41 HPs)
             Began as a Mummy Chaos Knight on Sept 22, 2019.
             Was a Plaything of Xom.
             Demolished by Menkaure (19 damage)
             ... on level 4 of the Dungeon.
             The game lasted 00:01:54 (2596 turns).

Kurtz the Chopper (Mummy Chaos Knight)              Turns: 2596, Time: 00:01:55

Health: -18/41     AC: 13    Str: 16    XL:     5   Next: 14%
Magic:  5/5        EV:  4    Int: 12    God:    Xom [.....*]
Gold:   232        SH:  0    Dex: 11    Spells: 4/4 levels left

rFire    . . .     SeeInvis .   a - +1 hand axe (chaos)
rCold    + . .     Gourm    .   (no shield)
rNeg     + + +     Faith    .   g - +1 plate armour {rF+}
rPois    ∞         Spirit   .   (no helmet)
rElec    .         Reflect  .   (no cloak)
rCorr    .         Harm     .   f - +0 pair of gloves
MR       .....                  e - +0 pair of boots
Stlth    ..........             (no amulet)
HPRegen  0.13/turn              (no ring)
MPRegen  0.09/turn              (no ring)

@: no status effects
A: no food or potions, fire vulnerability, cold resistance 1, negative energy
resistance 3, torment resistance, unbreathing
a: Renounce Religion


You were on level 4 of the Dungeon.
You worshipped Xom.
You were Xom's teddy bear.
You were not hungry.

You visited 1 branch of the dungeon, and saw 4 of its levels.

You collected 232 gold pieces.

Inventory:

Hand Weapons
 a - a +1 hand axe of chaos (weapon)
Missiles
 o - 3 tomahawks (quivered)
Armour
 b - a +2 leather armour
 d - a +0 chain mail
 e - a +0 pair of boots (worn)
 f - a +0 pair of gloves (worn)
 g - a +1 plate armour of fire resistance (worn)
 h - a +0 pair of gloves
Wands
 n - a wand of random effects (35)
Scrolls
 c - a scroll of remove curse
 i - a scroll of teleportation
 j - 3 scrolls of identify {unknown}
 k - 2 scrolls of magic mapping {unknown}
 l - a scroll of fog {unknown}
 m - 2 scrolls of blinking {unknown}
 p - 2 scrolls of fear {unknown}


   Skills:
 - Level 3.0 Fighting
 * Level 4.9 Axes
 - Level 1.5 Armour
 - Level 0.7 Dodging


You had 4 spell levels left.
You didn't know any spells.
Your spell library was empty.

Dungeon Overview and Level Annotations

Branches:
Dungeon (4/15)             Temple (0/1) D:4

Altars:
Okawaru

Annotations:
D:4 Menkaure


Innate Abilities, Weirdness & Mutations

You do not eat or drink.
Your flesh is vulnerable to fire.
You are immune to poison.
Your flesh is cold resistant. (rC+)
You are immune to negative energy. (rN+++)
You are immune to unholy pain and torment.
You can survive without breathing.


Message History

You are too injured to fight recklessly!
You are too injured to fight recklessly!
You are too injured to fight recklessly!
You are too injured to fight recklessly!
You are too injured to fight recklessly!
You are too injured to fight recklessly!
You are too injured to fight recklessly!
You are too injured to fight recklessly!
You are too injured to fight recklessly!
You are too injured to fight recklessly!
You are too injured to fight recklessly!
Unknown command.
You completely miss something. Something hits you!
* * * LOW HITPOINT WARNING * * *
You hit something. You freeze something. You hit something but do no damage.
Something hits you.
* * * LOW HITPOINT WARNING * * *
You closely miss something. Something hits you!!
You die...
Xom titters!

#.#........#....##.>#
#.##.#######....###8#
.. ...#.........# ###
.. ##..#.###.....#
... ##..#.# #.....#
#. #.#####..##
..#..##........#
........#####..#
#.....#@# #..# #..#.
#{# #..# #... #.#
#..# ## #.. .... ...
##### .... ....
#....#


There were no monsters in sight!

Vanquished Creatures
  A scorpion (D:4)
  Ijyb (D:3)
  An adder (D:2)
  An ooze (D:1)
  2 worms (D:3)
  A dart slug (D:1)
  3 leopard geckos
  4 orcs (D:3)
  3 giant cockroaches
  6 goblins
  7 hobgoblins
  2 jackals (D:2)
  4 bats
  2 frilled lizards
  6 kobolds
  7 rats
51 creatures vanquished.

Notes
Turn   | Place    | Note
-------+----------+-------------------------------------------
     0 | D:1      | Kurtz the Mummy Chaos Knight began the quest for the Orb.
     0 | D:1      | Reached XP level 1. HP: 18/18 MP: 1/1
    31 | D:1      | XOM: silly message
    67 | D:1      | XOM: potion effect (heal wounds)
    75 | D:1      | Reached skill level 3 in Axes
    75 | D:1      | Reached XP level 2. HP: 18/24 MP: 2/2
   211 | D:1      | XOM: harmless Necr miscast
   349 | D:1      | XOM: harmless Fire miscast
   792 | D:2      | Reached XP level 3. HP: 6/29 MP: 3/3
  1112 | D:2      | XOM: enchant monster (good)
  1192 | D:2      | XOM: medium Necr miscast
  1193 | D:2      | Noticed a shadow
  1193 | D:2      | Noticed a shadow
  1750 | D:3      | Reached skill level 4 in Axes
  1753 | D:3      | XOM: medium Conj miscast
  1753 | D:3      | XOM: smoke on damage
  1943 | D:3      | Reached XP level 4. HP: 35/35 MP: 4/4
  1994 | D:3      | XOM: harmless Ice miscast
  2315 | D:3      | Found an iron altar of Okawaru.
  2328 | D:3      | Noticed Ijyb
  2336 | D:3      | XOM: enchant monster (good)
  2340 | D:3      | Killed Ijyb
  2526 | D:4      | Reached XP level 5. HP: 36/41 MP: 5/5
  2539 | D:4      | Found a staircase to the Ecumenical Temple.
  2586 | D:4      | Noticed Menkaure
  2595 | D:4      | HP: 1/41 [something (3)]
  2596 | D:4      | Demolished by Menkaure

Skill      XL: |  1  2  3 |
---------------+----------+-----
Axes           | 3 4 |  4.9
Fighting       | |  3.0
Armour         | |  1.5
Dodging        | |  0.7

Action                   |  1- 3 |  4- 6 || total
-------------------------+-------+-------++-------
Melee: Hand axe          |   151 |    43 ||   194
  Use: Scroll            |     3 |       ||     3
 Stab: Petrified         |     2 |       ||     2
       Confused          |     2 |       ||     2
Armor: Leather armour    |     7 |       ||     7
       Plate armour      |   118 |    21 ||   139
       Chain mail        |    14 |       ||    14
Dodge: Dodged            |    47 |     7 ||    54
